 Dungeon Crawl Stone Soup version 0.18-a0-902-g8738618 (webtiles) character file.

9 Jmtri7 the Vexing (level 2, -4/21 HPs)
             Began as a Formicid Enchanter on Dec 24, 2015.
             Killed from afar by an efreet (25 damage)
             ... with a bolt of fire
             ... on level 15 of the Dungeon.
             The game lasted 00:05:20 (538 turns).

Jmtri7 the Vexing (Formicid Enchanter)               Turns: 538, Time: 00:05:20

Health: -4/21      AC:  3    Str: 12    XL:     2   Next: 20%
Magic:  5/5        EV: 12    Int: 14    God:
Gold:   114        SH:  0    Dex: 11    Spells: 1 memorised, 4 levels left

rFire  . . .     SeeInvis +     g - +0 flail
rCold  . . .     Gourm    .     b - +1 robe
rNeg   . . .     Faith    .     (no shield)
rPois  .         Spirit   .     (helmet unavailable)
rElec  .         Dismiss  .     (no cloak)
rCorr  .         Reflect  .     (no gloves)
SustAt .         Harm     .     (no boots)
MR     .....                    (no amulet)
Stlth  ++........               (no ring)
                                (no ring)

@: not resistant to hostile enchantments, unstealthy
A: permanent stasis, dig shafts and tunnels, four strong arms, antennae 3
a: Dig, Shaft Self


You were on level 15 of the Dungeon.
You were not hungry.

You visited 1 branch of the dungeon, and saw 10 of its levels.

You collected 114 gold pieces.

Inventory:

Hand Weapons
 g - a +0 flail (weapon)
Armour
 b - a +1 robe (worn)
Scrolls
 a - a scroll of vulnerability {unknown}
 f - a scroll of identify {unknown}
 h - a scroll of teleportation {unknown}
Potions
 e - a potion of poison {unknown}
 i - a potion of resistance {unknown}
Books
 c - a book of Maledictions

   Spells                             Type                      Level
   a - Corona                         Hexes                        1
   b - Ensorcelled Hibernation        Hexes/Ice                    2
   c - Confuse                        Hexes                        3
   d - Tukima's Dance                 Hexes                        3
   e - Dazzling Spray                 Conjuration/Hexes            3


   Skills:
 + Level 1.3 Fighting
   Level 1.0 Short Blades
 - Level 1.7 Dodging
 - Level 3.6 Stealth
 - Level 2.1 Spellcasting
 + Level 3.9 Hexes


You had 4 spell levels left.
You knew the following spells:

 Your Spells              Type           Power        Failure   Level  Hunger
a - Corona                Hex            ##.....      4%          1    #......


Dungeon Overview and Level Annotations

Branches:
Dungeon (13/15)
 Temple: D:4-7         Lair: D:8-11         Orc: D:9-12      Vaults: D:13-14

Altars:
Kikubaaqudgha


Innate Abilities, Weirdness & Mutations

You are under a permanent stasis effect.
You can dig through walls and to a lower floor.
Your four strong arms can wield two-handed weapons with a shield.
You have a pair of large antennae on your head (SInv).


Message History

You see here a scroll labeled LEZAIG REYSK.
Are you sure you want to shaft yourself?
You are starving!
You begin to dig a shaft.
You continue digging a shaft.
A shaft appears beneath you!
A scroll labeled LEZAIG REYSK falls through the shaft.
You fall through a shaft for 2 floors!
The shaft crumbles and collapses.
You continue eating. x2
You finish eating.
That bread ration really hit the spot!
You enter a teleport trap!
The teleport trap disappears.
Found 16 gold pieces.
Found 10 gold pieces.
Found a scroll labeled URGHOA OGEINI.
You now have 114 gold pieces (gained 16).
An efreet comes into view. It is wielding a scimitar of flaming.
The efreet gestures at you. The bolt of fire hits you!
Ouch! That really hurt!
You die...

.......................
........................
........................
........................
........................
......................§.
.....................R.
.......#........###
.......#.....@.$#
......#........# ....
#........# ...
#....?...# #........#
..§...§...# ..≈§≈≈§§≈..
.§.§≈#§≈....


You could see an efreet.

Vanquished Creatures
  A gnoll (D:1)
1 creature vanquished.

Notes
Turn   | Place    | Note
--------------------------------------------------------------
     0 | D:1      | Jmtri7 the Formicid Enchanter began the quest for the Orb.
     0 | D:1      | Reached XP level 1. HP: 13/13 MP: 3/3
     6 | D:1      | Reached skill level 1 in Fighting
     6 | D:1      | Reached XP level 2. HP: 18/21 MP: 5/5
    46 | D:1      | You fall through a shaft!
    55 | D:2      | You fall through a shaft for 2 floors!
    59 | D:4      | You fall through a shaft for 3 floors!
   147 | D:7      | Noticed a hungry ghost
   159 | D:7      | Noticed a giant frog
   162 | D:7      | You fall through a shaft for 2 floors!
   162 | D:9      | Noticed a hippogriff
   237 | D:9      | Noticed a water moccasin
   293 | D:9      | Noticed a wight
   305 | D:8      | Found an ancient bone altar of Kikubaaqudgha.
   370 | D:8      | You fall through a shaft for 3 floors!
   461 | D:11     | Noticed a crocodile
   491 | D:11     | You fall through a shaft!
   499 | D:13     | Noticed an ogre
   514 | D:13     | You fall through a shaft for 2 floors!
   514 | D:15     | Entered Level 15 of the Dungeon
   537 | D:15     | Noticed an efreet
   538 | D:15     | Killed from afar by an efreet

Vault maps used:
D:1:      noname_arrival_rooms_in_the_neighbourhood
D:2:      cheibriados_altar_wand_db, marbit_many_paths, minmay_misc_feat_five
D:4:      nicolae_ashenzari_panopticon, minmay_temple_entry_statues_fountains,
          first_bread, serial_bayou_pond_b, hangedman_decor_clover_reticule
D:7:      lemuel_coloured_pillars_altar, kennysheep_little_box, serial_shops,
          shop, nicolae_shop_waterfront, shop, serial_glass, glass_columns_c,
          glass_columns_b, glass_columns_a, uniq_prince_ribbit1, uniq_duvessa,
          uniq_menkaure
D:8:      nicolae_overflow_hidden_temple, lemuel_crystal_altar,
          supply_closet_lemuel, hangedman_abyss_or_decor_passed, uniq_psyche
D:9:      lair_0_dummy, hangedman_tree_tricks, minmay_misc_feat_cross
D:11:     basic_altar, uniq_fannar
D:12:     zombieorc2_lemuel, portal_ice_cave_entry_ice_statue_01, serial_shops,
          shop, elyvilon_altar_4, uniq_azrael
D:15:     grunt_enter_depths_giant_problem, minmay_misc_feat_x

Action                   || total
-------------------------++-------
Melee: Dagger            ||     1
 Abil: Shaft Self        ||     7
       Dig               ||     3
 Stab: Sleeping          ||     1
  Eat: Bread ration      ||     1
       Pizza             ||     1
